 Dungeon Crawl Stone Soup version 0.20.0-8-g6b59dc7 (webtiles) character file.

44 Chiseanne the Ducker (level 3, 0/27 HPs)
             Began as a Demonspawn Wanderer on May 31, 2017.
             Slain by a worm (8 damage)
             ... on level 2 of the Dungeon.
             The game lasted 00:01:41 (1421 turns).

Chiseanne the Ducker (Demonspawn Wanderer)          Turns: 1421, Time: 00:01:41

Health: 0/27       AC:  6    Str: 11    XL:     3   Next: 39%
Magic:  4/4        EV: 12    Int: 14    God:
Gold:   116        SH:  0    Dex: 13    Spells: 4/4 levels left

rFire    . . .     SeeInvis .   a - +2 dagger
rCold    . . .     Gourm    .   (no shield)
rNeg     . . .     Faith    .   j - +0 leather armour (curse)
rPois    .         Spirit   .   l - +0 helmet
rElec    .         Reflect  .   (no cloak)
rCorr    .         Harm     .   (no gloves)
MR       .....                  (no boots)
Stlth    ++........             (no amulet)
Regen    0.1/turn               (no ring)
MPRegen  0.1/turn               (no ring)

@: no status effects
A: slimy green scales 1
a: no special abilities


You were on level 2 of the Dungeon.
You were hungry.

You visited 1 branch of the dungeon, and saw 2 of its levels.

You collected 116 gold pieces.

Inventory:

Hand Weapons
 a - a +2 dagger (weapon)
 d - a +0 spear
Missiles
 g - 76 bolts
 h - 22 arrows
 i - 65 stones (quivered)
 n - 22 poisoned needles
Armour
 j - a cursed +0 leather armour (worn)
 l - a +0 helmet (worn)
 m - a +0 ring mail
Scrolls
 b - a scroll of blinking
 c - 2 scrolls of teleportation
 o - a scroll of magic mapping {unknown}
 q - 2 scrolls of remove curse {unknown}
 s - a scroll of identify {unknown}
Potions
 e - a potion of lignification {unknown}
 p - a potion of curing {unknown}
 r - a potion of brilliance {unknown}
Comestibles
 f - a bread ration
 k - 2 fruits


   Skills:
 * Level 2.0 Fighting
 - Level 1.7 Polearms
 * Level 1.4 Armour
 * Level 2.4 Dodging
 - Level 1.7 Stealth
 - Level 1.0 Spellcasting
   Level 1.7 Fire Magic


You had 4 spell levels left.
You didn't know any spells.

Dungeon Overview and Level Annotations

Branches:
Dungeon (2/15)

Altars:
Makhleb


Innate Abilities, Weirdness & Mutations

You are partially covered in slimy green scales. (AC +2)


Message History

You hit the worm but do no damage.
The worm is moderately wounded.
You hit the worm.
The worm is heavily wounded.
The worm misses you.
You hit the worm.
The worm is severely wounded.
The worm bites you.
* * * LOW HITPOINT WARNING * * *
You hit the worm.
The worm is almost dead.
You barely miss the worm.
The worm is almost dead.
The worm closely misses you.
You hit the worm but do no damage.
The worm is severely wounded.
You barely miss the worm.
The worm is severely wounded.
The worm bites you!
You die...

#..........######.#
#..........'....#.# #
#....).....####.#.#.#
.. #..........#
#.#.#.#...
#..........#
#.#.......
....########
#.#....... #..## #..#
# ...# ##w# #8## #..
#@##8...8 #.##..$..
#.#_..... ####.....
##8...8 ##8## ##


You could see a worm.

Vanquished Creatures
  2 adders (D:2)
  A dart slug (D:2)
  3 giant cockroaches (D:1)
  3 goblins
  A hobgoblin (D:1)
  3 jackals (D:2)
  2 kobolds
  2 bats (D:1)
  A frilled lizard (D:1)
  A giant cockroach zombie (D:2)
  A quokka skeleton (D:2)
  A quokka zombie (D:2)
  3 rats
24 creatures vanquished.

Notes
Turn   | Place    | Note
-------+----------+-------------------------------------------
     0 | D:1      | Chiseanne the Demonspawn Wanderer began the quest for the Orb.
     0 | D:1      | Chiseanne set off with: a +2 dagger, a scroll of blinking, a scroll of teleportation, a +0 spear, a +0 robe, a bread ration
     0 | D:1      | Reached XP level 1. HP: 15/15 MP: 2/2
   310 | D:1      | Gained mutation: You are partially covered in slimy green scales. (AC +2) [demonic ancestry]
   310 | D:1      | Reached XP level 2. HP: 21/21 MP: 3/3
  1144 | D:2      | Reached skill level 1 in Armour
  1144 | D:2      | Reached XP level 3. HP: 27/27 MP: 4/4
  1401 | D:2      | Found a burning altar of Makhleb.
  1421 | D:2      | Slain by a worm

Skill      XL: |  1  2  3 |
---------------+----------+-----
Dodging        | 2 |  2.4
Armour         | 1 |  1.4
Fighting       | 2 |  2.0
Polearms       | |  1.7
Stealth        | |  1.7
Spellcasting   | |  1.0
Fire Magic     | |  1.7

Action                   || total
-------------------------++-------
Melee: Dagger            ||    97
  Use: Scroll            ||     2
 Stab: Sleeping          ||     4
  Eat: Chunk             ||     1
Armor: Leather armour    ||    21
Dodge: Dodged            ||    51
